 Dungeon Crawl Stone Soup version 0.31-a0-182-gc5ef74bbde (webtiles) character file.

Game seed: 12145859028420901167

1011 qw the Chopper (level 8, -3/48 HPs)
             Began as a Gargoyle Fighter on June 20, 2023.
             Slain by a killer bee (5 damage)
             ... on level 5 of the Dungeon.
             The game lasted 00:02:26 (4397 turns).

qw the Chopper (Gargoyle Fighter)                   Turns: 4397, Time: 00:02:27

Health: -3/48      AC: 14    Str: 23    XL:     8   Next: 21%
Magic:  8/8        EV:  9    Int:  8    God:
Gold:   358        SH:  9    Dex:  9    Spells: 7/7 levels left

rFire   . . .        Y - +0 war axe
rCold   . . .        j - +0 kite shield
rNeg    + . .        b - +0 scale mail
rPois   inf          (no helmet)
rElec   +            c - +0 cloak
rCorr   +            f - +0 pair of gloves "Qoun" {-Cast rCorr SInv}
SInv    +            (no boots)
Will    .....        (no amulet) Stlth
                     (no ring)
HPRegen 0.28/turn    (no ring)
MPRegen 0.11/turn

%: no spellcasting
@: no status effects
A: sickness immunity, AC +5, negative energy resistance 1, electricity
resistance, torment resistance 1, petrification resistance
a: no special abilities


You were on level 5 of the Dungeon.
You visited 1 branch of the dungeon, and saw 5 of its levels.

You collected 358 gold pieces.


Innate Abilities, Weirdness & Mutations

You are immune to sickness and miasma.
Your stone body is resilient. (AC +5)
You are immune to poison.
You resist negative energy. (rN+)
You are resistant to electric shocks. (rElec)
You are resistant to unholy torment.
You are immune to petrification.


   Skills:
 - Level 4.1 Fighting
 + Level 6.5 Axes
 - Level 2.2 Throwing
 - Level 3.2 Armour
 - Level 1.0 Dodging
 - Level 6.1 Shields


You had 7 spell levels left.
You didn't know any spells.
Your spell library was empty.

Inventory:

Hand Weapons
 h - a +0 flail
 Y - a +0 war axe (weapon)
Missiles
 o - 3 javelins (quivered)
Armour
 b - a +0 scale mail (worn)
 c - a +0 cloak (worn)
 f - the +0 pair of gloves "Qoun" (worn) {-Cast rCorr SInv}
   (You acquired it on level 2 of the Dungeon)

   SInv:      It lets you see invisible.
   -Cast:     It prevents spellcasting.
   rCorr:     It protects you from acid and corrosion.
 j - a +0 kite shield (worn)
Scrolls
 k - 2 scrolls of identify
Potions
 a - a potion of mutation
 d - a potion of might
 e - a potion of resistance {unknown}
 g - 2 potions of enlightenment
 i - a potion of haste {unknown}
 l - a potion of curing
 m - a potion of cancellation {unknown}
 n - a potion of ambrosia {unknown}
 p - a potion of degeneration {unknown}
 r - a potion of attraction {unknown}

Dungeon Overview and Level Annotations

Branches:
Dungeon (5/15)
 Temple: D:4-7

Altars:
Makhleb
The Shining One

Shops:
D:3 (


Message History

The killer bee closely misses you.
The killer bee stings you but does no damage.
You slash the killer bee!
The killer bee is almost dead.
You barely miss the killer bee. You block the killer bee's attack.
The killer bee stings you but does no damage. x3
You miss the killer bee.
The killer bee is almost dead.
You closely miss the killer bee. The killer bee barely misses you.
A killer bee comes into view.
The killer bee stings you.
The killer bee stings you but does no damage.
The killer bee closely misses you. You block the killer bee's attack.
The killer bee stings you but does no damage.
You miss the killer bee.
The killer bee is almost dead.
You completely miss the killer bee.
The killer bee buzzes angrily.
You block the killer bee's attack. The killer bee barely misses you.
The killer bee stings you but does no damage.
You block the killer bee's attack.
You closely miss the killer bee.
The killer bee is almost dead.
You slash the killer bee! The killer bee stings you.
The killer bee stings you but does no damage. x2
You block the killer bee's attack. The killer bee stings you.
The killer bee stings you but does no damage.
You miss the killer bee.
The killer bee is almost dead.
You completely miss the killer bee.
The killer bee stings you but does no damage. x4
You closely miss the killer bee.
The killer bee is almost dead.
You barely miss the killer bee.
The killer bee stings you but does no damage. x2
The killer bee stings you. x2
You die...

### ..##
##### ...
##...## ..
##.###.##.#
########.##
##.#(###
#........#
#)y)..#
#.######.##
#@#)#.#
####.###y##.#
#...........#
#.######(####
#.# #. #.# ##
####.#
#####....#
#..##.####


You could see 2 killer bees.

Vanquished Creatures
  Sigmund (D:5)
  An ice beast (D:5)
  An ogre (D:5)
  2 scorpions (D:5)
  A gnoll sergeant (D:5)
  A killer bee (D:5)
  2 orc priests
  A gnoll bouda (D:5)
  An iguana (D:5)
  3 orc wizards
  13 gnolls (D:5)
  3 adders
  A worm (D:2)
  2 dart slugs (D:1)
  17 orcs
  7 endoplasms
  4 giant cockroaches
  5 goblins
  8 hobgoblins
  5 jackals (D:3)
  4 quokkas
  11 ball pythons
  4 bats
  3 frilled lizards
  7 kobolds
  10 rats
118 creatures vanquished.

Notes
Turn   | Place    | Note
-------+----------+-------------------------------------------
     0 | D:1      | qw the Gargoyle Fighter began the quest for the Orb.
     0 | D:1      | Reached XP level 1. HP: 14/14 MP: 1/1
     0 | D:1      | 0 ||| qw: Version: 0.3-a-9-g12657ce
     0 | D:1      | 0 ||| qw: Game counter: 1444
     0 | D:1      | 0 ||| qw: Always use a shield: true
     0 | D:1      | 0 ||| qw: God list: Okawaru
     0 | D:1      | 0 ||| qw: Allow faded altars: false
     0 | D:1      | 0 ||| qw: Do Orc after D:15 true
     0 | D:1      | 0 ||| qw: Do second Lair branch before Depths: true
     0 | D:1      | 0 ||| qw: Lair rune preference: random
     0 | D:1      | 0 ||| qw: Plans: Normal, Zot:1-4, Slime:5, God:TSO, Crypt,
                  | Tomb, Abyss, Pan, Hells, Win
     0 | D:1      | 0 ||| PLANNING D:1-11
   113 | D:1      | Reached XP level 2. HP: 19/19 MP: 2/2
   457 | D:1      | 457 ||| Stepping ~*~*~tactically~*~*~ (hiding).
   458 | D:1      | 458 ||| Stepping ~*~*~tactically~*~*~ (hiding).
   459 | D:1      | 459 ||| Stepping ~*~*~tactically~*~*~ (hiding).
   460 | D:1      | 460 ||| Stepping ~*~*~tactically~*~*~ (hiding).
   469 | D:1      | Reached skill level 3 in Axes
   647 | D:1      | Reached XP level 3. HP: 21/23 MP: 3/3
   806 | D:1      | 806 ||| READING scroll labelled ICAMOE RETILI.
   807 | D:1      | 807 ||| READING scroll labelled ZASEN CEOSEAFAPH.
   808 | D:1      | 808 ||| READING scroll labelled MUTZAF FUTORO.
   856 | D:2      | 856 ||| Stepping ~*~*~tactically~*~*~ (hiding).
   858 | D:2      | 858 ||| Stepping ~*~*~tactically~*~*~ (hiding).
   876 | D:2      | 876 ||| Stepping ~*~*~tactically~*~*~ (stealth).
   877 | D:2      | Found a faded altar of an unknown god.
  1049 | D:2      | 1049 ||| Stepping ~*~*~tactically~*~*~ (stealth).
  1079 | D:2      | 1079 ||| Stepping ~*~*~tactically~*~*~ (stealth).
  1198 | D:2      | 1198 ||| Stepping ~*~*~tactically~*~*~ (stealth).
  1262 | D:2      | 1262 ||| Stepping ~*~*~tactically~*~*~ (hiding).
  1507 | D:2      | 1507 ||| Stepping ~*~*~tactically~*~*~ (hiding).
  1518 | D:2      | 1518 ||| Stepping ~*~*~tactically~*~*~ (stealth).
  1529 | D:2      | 1529 ||| Stepping ~*~*~tactically~*~*~ (stealth).
  1531 | D:2      | 1531 ||| Stepping ~*~*~tactically~*~*~ (stealth).
  1532 | D:2      | 1532 ||| Stepping ~*~*~tactically~*~*~ (stealth).
  1549 | D:2      | 1549 ||| Stepping ~*~*~tactically~*~*~ (stealth).
  1550 | D:2      | 1550 ||| Stepping ~*~*~tactically~*~*~ (stealth).
  1555 | D:2      | Reached XP level 4. HP: 26/28 MP: 4/4
  1699 | D:2      | 1699 ||| UPGRADING to +0 pair of gloves.
  1704 | D:2      | 1704 ||| READING scroll labelled NOUKEF IXTUE.
  1704 | D:2      | Identified a scroll of acquirement
  1704 | D:2      | 1704 ||| ACQUIRING +0 pair of gloves "Qoun" {-Cast rCorr
                  | SInv}
  1704 | D:2      | Acquired the +0 pair of gloves "Qoun" {-Cast rCorr SInv}
  1706 | D:2      | 1706 ||| UPGRADING to +0 pair of gloves "Qoun" {-Cast rCorr
                  | SInv}.
  1716 | D:2      | 1716 ||| DROPPING +0 pair of gloves.
  1717 | D:2      | 1717 ||| READING scroll labelled UNKAVU OSKYSEZUO.
  1718 | D:2      | 1718 ||| DRINKING 3 lumpy clear potions.
  2120 | D:3      | Found Yxeinuor's Weapon Boutique.
  2183 | D:3      | 2183 ||| Stepping ~*~*~tactically~*~*~ (stealth).
  2184 | D:3      | 2184 ||| Stepping ~*~*~tactically~*~*~ (stealth).
  2202 | D:3      | Reached XP level 5. HP: 15/32 MP: 5/5
  2204 | D:3      | HP: 5/32 [orc wizard/magic dart (7)]
  2680 | D:3      | Found a glowing golden altar of the Shining One.
  2703 | D:3      | 2703 ||| UPGRADING to +0 kite shield.
  2713 | D:3      | 2713 ||| DROPPING +0 buckler.
  2714 | D:3      | 2714 ||| READING scroll labelled EROEGO GOC LEH.
  2717 | D:3      | 2717 ||| READING scroll labelled ISHYWKUOCWO.
  2718 | D:3      | 2718 ||| DRINKING 2 sedimented green potions.
  2719 | D:3      | 2719 ||| READING 2 scrolls of identify.
  2719 | D:3      | 2719 ||| IDENTIFYING emerald potion
  2909 | D:4      | Reached skill level 1 in Throwing
  3177 | D:4      | Found a burning altar of Makhleb.
  3480 | D:4      | 3480 ||| READING 3 scrolls labelled EMOPUV UX RALA.
  3481 | D:4      | 3481 ||| READING scroll labelled QIDY CITZURCH.
  3482 | D:4      | 3482 ||| DROPPING 2 scrolls of immolation.
  3485 | D:5      | Entered Level 5 of the Dungeon
  3504 | D:5      | Noticed Sigmund
  3520 | D:5      | Killed Sigmund
  3521 | D:5      | Reached XP level 6. HP: 21/37 MP: 6/6
  3527 | D:5      | 3527 ||| FLEEEEING.
  3657 | D:5      | 3657 ||| Stepping ~*~*~tactically~*~*~ (stealth).
  3660 | D:5      | Reached XP level 7. HP: 41/41 MP: 7/7
  3667 | D:5      | 3667 ||| Stepping ~*~*~tactically~*~*~ (stealth).
  3669 | D:5      | 3669 ||| Stepping ~*~*~tactically~*~*~ (stealth).
  3696 | D:5      | HP: 4/43 [gnoll/+0 halberd[a gnoll sergeant] (9)]
  3729 | D:5      | 3729 ||| FLEEEEING.
  3730 | D:5      | 3730 ||| FLEEEEING.
  3731 | D:5      | 3731 ||| FLEEEEING.
  3736 | D:5      | 3736 ||| FLEEEEING.
  3737 | D:5      | 3737 ||| FLEEEEING.
  3738 | D:5      | 3738 ||| FLEEEEING.
  3739 | D:5      | 3739 ||| FLEEEEING.
  3740 | D:5      | 3740 ||| FLEEEEING.
  3741 | D:5      | 3741 ||| FLEEEEING.
  3746 | D:5      | 3746 ||| FLEEEEING.
  3747 | D:5      | 3747 ||| FLEEEEING.
  3748 | D:5      | 3748 ||| FLEEEEING.
  3753 | D:5      | 3753 ||| FLEEEEING.
  3759 | D:5      | 3759 ||| FLEEEEING.
  3760 | D:5      | 3760 ||| FLEEEEING.
  3761 | D:5      | 3761 ||| FLEEEEING.
  3762 | D:5      | 3762 ||| FLEEEEING.
  3763 | D:5      | 3763 ||| STAIRDANCE
  3838 | D:4      | 3838 ||| UPGRADING to +0 cloak.
  3876 | D:5      | Reached skill level 1 in Dodging
  3889 | D:5      | 3889 ||| Stepping ~*~*~tactically~*~*~ (stealth).
  3890 | D:5      | 3890 ||| Stepping ~*~*~tactically~*~*~ (stealth).
  3997 | D:5      | Reached skill level 6 in Axes
  4099 | D:5      | 4099 ||| Stepping ~*~*~tactically~*~*~ (stealth).
  4100 | D:5      | 4100 ||| Stepping ~*~*~tactically~*~*~ (stealth).
  4201 | D:5      | 4201 ||| Stepping ~*~*~tactically~*~*~ (stealth).
  4202 | D:5      | 4202 ||| Stepping ~*~*~tactically~*~*~ (stealth).
  4203 | D:5      | 4203 ||| Stepping ~*~*~tactically~*~*~ (stealth).
  4256 | D:5      | Reached XP level 8. HP: 48/48 MP: 8/8
  4267 | D:5      | Reached skill level 6 in Shields
  4289 | D:5      | 4289 ||| Stepping ~*~*~tactically~*~*~ (stealth).
  4371 | D:5      | 4371 ||| Stepping ~*~*~tactically~*~*~ (stealth).
  4390 | D:5      | HP: 12/48 [killer bee (7)]
  4395 | D:5      | HP: 7/48 [killer bee (4)]
  4397 | D:5      | HP: 2/48 [killer bee (4)]
  4397 | D:5      | Slain by a killer bee

Levels and vault maps discovered:
D:1:      roderic_dead_forest, layout_basic
D:2:      layout_loops_cross, chequers_ecumenical_altar_island, minmay_ruptured
D:3:      layout_basic, nicolae_tso_swordbearing_angel, serial_shops,
          nicolae_shop_pleasant_corner_grove, minmay_diced_spiral
D:4:      layout_loops_ring, kennysheep_little_box, kennysheep_generic_room_7
D:5:      minmay_clustersquares, layout_loops_ring, uniq_sigmund

Skill      XL: |  1  2  3  4  5  6  7  8 |
---------------+-------------------------+-----
Axes           | 2 3 4 5 6 |  6.5
Throwing       | 1 2 |  2.2
Shields        | 5 6 |  6.1
Fighting       | 4 |  4.1
Dodging        | 1 |  1.0
Armour         | |  3.2

Action                     |  1- 3 |  4- 6 |  7- 9 || total
---------------------------+-------+-------+-------++-------
  Melee: War axe           |   128 |   129 |   106 ||   363
  Throw: Javelin           |       |    30 |    21 ||    51
    Use: Scroll            |     3 |     7 |       ||    10
         Potion            |       |     2 |       ||     2
 Armour: Scale mail        |    70 |    67 |    78 ||   215
  Dodge: Dodged            |    51 |    55 |    46 ||   152
  Block: Buckler           |    22 |    17 |       ||    39
         Kite shield       |       |    21 |    70 ||    91

Table legend:
 A = Non-vault XP
 B = Vault XP
 C = Vault XP percentage of total XP
 D = Non-vault monster count
 E = Vault monster count
 F = Vault count percentage of total count
                 A         B        C        D         E       F
            +---------+---------+-------+---------+---------+-------
      Total |    1207 |     238 |  16.5 |     109 |       9 |   7.6
            +---------+---------+-------+---------+---------+-------
        D:1 |      38 |       0 |   0.0 |      22 |       0 |   0.0
        D:2 |      46 |       4 |   8.0 |      19 |       2 |   9.5
        D:3 |     121 |      11 |   8.3 |      26 |       6 |  18.8
        D:4 |      85 |       0 |   0.0 |      14 |       0 |   0.0
        D:5 |     917 |     223 |  19.6 |      28 |       1 |   3.4
            +---------+---------+-------+---------+---------+-------
